 Dungeon Crawl Stone Soup version 0.14-a0-2162-g062a2ce (webtiles) character file.

5102 Kae the Conjurer (level 10, -4/50 HPs)
             Began as a Tengu Fire Elementalist on Jan 28, 2014.
             Was an Initiate of Vehumet.
             Slain by an elephant (16 damage)
             ... on Level 8 of the Dungeon.
             The game lasted 00:34:08 (12778 turns).

Kae the Conjurer (Tengu Fire Elementalist)         Turns: 12778, Time: 00:34:09

HP  -4/50        AC  4     Str  9      XL: 10   Next: 48%
MP  10/25        EV 12     Int 19      God: Vehumet [......]
Gold 299         SH  0     Dex 14      Spells:  5 memorised,  6 levels left

rFire  . . .     SeeInvis .     N - +0,+4 dagger (chaos)
rCold  . . .     Clarity  .     a - +1 robe
rNeg   . . .     Conserve .     (no shield)
rPois  .         rCorr    .     (helmet restricted)
rElec  .         rRot     .     k - +0 cloak (curse)
SustAb . .       Spirit   .     (no gloves)
rMut   .         Warding  .     (boots unavailable)
Saprov . . .     Stasis   .     (no amulet)
MR     .....                    (no ring)
                                A - cursed ring of sustenance

@: not resistant to hostile enchantments, fairly stealthy
A: able to fly, beak, talons 3
a: Fly, Renounce Religion


You were on level 8 of the Dungeon.
You worshipped Vehumet.
Vehumet was noncommittal.
You were very hungry.

You visited 2 branches of the dungeon, and saw 9 of its levels.

You collected 338 gold pieces.
You spent 39 gold pieces at shops.

Inventory:

Hand weapons
 p - a +1,+6 orcish vampiric trident
 r - a +1,+0 spear
 s - a +2,+0 elven dagger
 N - a +0,+4 dagger of chaos (weapon)
Armour
 a - a +1 robe (worn)
 k - a cursed +0 cloak (worn)
Magical devices
 y - a wand of enslavement (21)
 C - a wand of disintegration (6)
 D - a wand of magic darts (0)
 G - a wand of fire (5)
 L - a wand of digging (16)
 M - a wand of disintegration (11)
Comestibles
 c - 4 bread rations
 f - 3 chokos
 h - 2 meat rations
 j - a pear
 o - 2 apricots
 v - a sausage
 F - a royal jelly
 H - an apple
Scrolls
 e - a scroll of amnesia
 i - 2 scrolls of remove curse
 m - 4 scrolls of identify
 q - a scroll of enchant armour
 u - a scroll of recharging
 w - a scroll of enchant weapon II
 I - 2 scrolls of blinking
 J - a scroll of teleportation
 O - a scroll of enchant weapon I
Jewellery
 A - a cursed ring of sustenance (left hand)
Potions
 g - a potion of brilliance
 l - a potion of might
 n - a potion of curing
 z - 2 potions of berserk rage {unknown}
 E - a potion of magic {unknown}
 S - a potion of flight
 T - a potion of poison {unknown}
Books
 b - a book of Flames

   Spells                             Type                      Level
   *Flame Tongue                      Conjuration/Fire             1
   *Throw Flame                       Conjuration/Fire             2
   *Conjure Flame                     Conjuration/Fire             3
   Inner Flame                        Hexes/Fire                   3
   *Sticky Flame                      Conjuration/Fire             4
   *Fireball                          Conjuration/Fire             5
 d - a book of Burglary

   Spells                             Type                      Level
   Apportation                        Translocation                1
   Swiftness                          Charms/Air                   2
   Passwall                           Transmutation/Earth          3
   Passage of Golubria                Translocation                4
   Lee's Rapid Deconstruction         Earth                        5
   Darkness                           Hexes                        7
 B - a book of Wizardry

   Spells                             Type                      Level
   Summon Elemental                   Summoning                    4
   Agony                              Necromancy                   5
   Force Lance                        Conjuration                  5
   *Fireball                          Conjuration/Fire             5
   Haste                              Charms                       6
   Invisibility                       Hexes                        6
 K - a book of Unlife

   Spells                             Type                      Level
   Recall                             Summoning/Translocation      3
   Animate Dead                       Necromancy                   4
   Control Undead                     Necromancy                   4
   Twisted Resurrection               Necromancy                   5
   Death Channel                      Necromancy                   6
   Simulacrum                         Ice/Necromancy               6
 Q - the Guide on the Icy Oath
   (You found it on level 8 of the Dungeon)

   Spells                             Type                      Level
   Slow                               Hexes                        2
   Ozocubu's Armour                   Charms/Ice                   3
   Ice Form                           Ice/Transmutation            4
   Silence                            Hexes/Air                    5
   Metabolic Englaciation             Hexes/Ice                    6
Magical staves
 t - an uncursed staff of cold
 P - a cursed staff of power {unknown}


   Skills:
 - Level 2.1 Dodging
 - Level 2.0 Stealth
 + Level 6.3 Spellcasting
 * Level 12.2 Conjurations
 * Level 11.0 Fire Magic


You had 6 spell levels left.
You knew the following spells:

 Your Spells              Type           Power        Failure   Level  Hunger
a - Flame Tongue          Conj/Fire      #####        1%          1    None
b - Throw Flame           Conj/Fire      ######       1%          2    None
c - Conjure Flame         Conj/Fire      ######..     1%          3    ##.....
d - Sticky Flame          Conj/Fire      ######..     1%          4    ####...
e - Fireball              Conj/Fire      ######....   2%          5    #####..


Dungeon Overview and Level Annotations

Branches:
Dungeon (8/16)             Temple (1/1) D:7
   Lair: D:8-11

Altars:
Ashenzari
Cheibriados
Dithmengos
Elyvilon
Kikubaaqudgha
Makhleb
Nemelex Xobeh
Okawaru
Sif Muna
Trog
Vehumet
Xom
Yredelemnul
Zin
The Shining One

Shops:
D:7 !}

Annotations:
D:6 Sigmund


Innate Abilities, Weirdness & Mutations

You can fly.
You have a beak for a mouth.
You have claws for feet.


Message History

Aiming: Fireball
Press: ? - help, Shift-Dir - straight line, f/p - elephant
Aim: an elephant (severely wounded)
The fireball explodes!
The fireball engulfs the elephant.
The elephant is almost dead.
The fireball engulfs the elephant.
The elephant is lightly wounded.
You are feeling very hungry.
Casting: Fireball
Confirm with . or Enter, or press ? or * to list all spells.
Aiming: Sticky Flame
Press: ? - help, Shift-Dir - straight line, f - elephant, p - elephant
Aim: an elephant (flame, lightly wounded)
The sticky flame hits the elephant.
The elephant is moderately wounded.
The elephant is covered in liquid flames!
The elephant burns!
The elephant is engulfed in roaring flames.
The elephant tramples you!
You die...

..............#.....#...#
..##.............)..##.## ##
##.#.......#....#####
##..........#..#####
###..[(.(........###.#######
#.#...(.........###...#.#..######
........((.....#####.#.......##.#
................##.#(............
.....>..........@YY).............
.###............##.#.#......##.#.
###..............##...##.....###.
##......).....##..........#.#..
#.#............#.............. .
............)...#.............
...............###............
.............................
..............................


You could see 2 elephants.

Vanquished Creatures
  An ice statue (D:8)
  An elephant (D:8)
  Psyche (D:8)
  Edmund (D:6)
  3 ice beasts
  A necrophage (D:7)
  A phantom (D:4)
  4 centaurs
  A black bear (D:7)
  6 ogres
  2 sky beasts
  Duvessa (D:5)
  3 giant frogs
  An electric eel (D:6)
  4 killer bees (D:7)
  5 jellies
  A troll skeleton (D:8)
  Dowan (D:5)
  A quasit (D:5)
  6 crimson imps
  2 goliath beetles (D:6)
  6 orc priests
  2 centaur zombies (D:5)
  4 hounds
  5 big fish (D:6)
  An iguana (D:4)
  3 scorpions
  5 orc wizards
  6 worker ants
  An ogre zombie (D:5)
  A sky beast zombie (D:6)
  An ogre skeleton (D:4)
  A hound skeleton (D:6)
  A worker ant zombie (D:7)
  8 gnolls
  8 adders
  A giant mite (D:6)
  A worm zombie (D:6)
  5 worms
  An adder skeleton (D:5)
  10 orcs
  2 ball pythons
  A bat skeleton (D:7)
  3 giant cockroaches
  21 goblins
  17 hobgoblins
  10 jackals
  13 kobolds
  4 quokkas
  12 bats
  7 giant geckos
  A giant gecko skeleton (D:4)
  8 giant newts
  A hobgoblin skeleton (D:4)
  A hobgoblin zombie (D:7)
  An orc skeleton (D:4)
  20 rats
240 creatures vanquished.

Vanquished Creatures (others)
  A giant spore (D:8)
1 creature vanquished.

Grand Total: 241 creatures vanquished

Notes
Turn   | Place    | Note
--------------------------------------------------------------
     0 | D:1      | Kae, the Tengu Fire Elementalist, began the quest for the Orb.
     0 | D:1      | Reached XP level 1. HP: 10/10 MP: 3/3
   349 | D:1      | Reached XP level 2. HP: 12/15 MP: 3/5
   550 | D:1      | Reached skill level 4 in Fire Magic
   629 | D:1      | Reached XP level 3. HP: 6/19 MP: 2/7
  1369 | D:2      | Found a sparkling altar of Nemelex Xobeh.
  1786 | D:3      | Reached XP level 4. HP: 7/24 MP: 5/8
  2607 | D:4      | Reached skill level 5 in Fire Magic
  2607 | D:4      | Reached XP level 5. HP: 3/28 MP: 0/11
  3140 | D:4      | Learned a level 2 spell: Throw Flame
  3144 | D:4      | Learned a level 3 spell: Conjure Flame
  3670 | D:4      | Reached XP level 6. HP: 25/32 MP: 8/13
  3748 | D:5      | Entered Level 5 of the Dungeon
  4271 | D:5      | Reached skill level 5 in Conjurations
  4292 | D:5      | Noticed Duvessa
  4350 | D:5      | Killed Duvessa
  4350 | D:5      | Reached skill level 6 in Fire Magic
  4448 | D:5      | Noticed Dowan
  4477 | D:5      | Killed Dowan
  4598 | D:5      | Found a bloodstained altar of Trog.
  4599 | D:5      | Found an iron altar of Okawaru.
  4663 | D:5      | Reached XP level 7. HP: 36/36 MP: 3/16
  5288 | D:5      | Reached skill level 7 in Fire Magic
  5815 | D:5      | Reached XP level 8. HP: 28/41 MP: 3/19
  5994 | D:5      | Found a glowing silver altar of Zin.
  6305 | D:4      | Noticed an ogre
  6313 | D:4      | Killed an ogre
  6539 | D:4      | Reached skill level 8 in Conjurations
  7130 | D:4      | Noticed a phantom
  7142 | D:4      | Killed a phantom
  7622 | D:6      | Reached skill level 9 in Conjurations
  7710 | D:6      | Learned a level 4 spell: Sticky Flame
  7716 | D:6      | Learned a level 5 spell: Fireball
  7754 | D:6      | Found a shattered altar of Ashenzari.
  7815 | D:6      | Reached XP level 9. HP: 20/45 MP: 17/22
  8055 | D:6      | Noticed Edmund
  8077 | D:6      | Killed Edmund
  8549 | D:6      | Reached skill level 5 in Spellcasting
  9191 | D:6      | Reached skill level 10 in Conjurations
  9536 | D:6      | Noticed Sigmund
  9923 | D:7      | Found Qawarua's Gadget Shoppe.
 10515 | D:7      | Reached skill level 11 in Conjurations
 10515 | D:7      | Reached skill level 10 in Fire Magic
 10711 | D:7      | Found Cyahaxyr's Distillery.
 10740 | D:7      | Bought a potion of heal wounds for 39 gold pieces
 10859 | D:7      | Found a staircase to the Ecumenical Temple.
 10892 | D:7      | Reached XP level 10. HP: 37/50 MP: 15/24
 10897 | Temple   | Entered the Ecumenical Temple
 11034 | Temple   | Became a worshipper of Vehumet
 11595 | D:8      | Noticed an ice statue
 11840 | D:8      | Noticed Psyche
 11868 | D:8      | Killed Psyche
 11968 | D:8      | Killed an ice statue
 12079 | D:8      | Identified the Guide on the Icy Oath
 12328 | D:8      | Reached skill level 12 in Conjurations
 12448 | D:8      | Noticed an elephant
 12450 | D:8      | Noticed an elephant
 12453 | D:8      | Noticed an elephant
 12456 | D:8      | Noticed an elephant
 12474 | D:8      | Killed an elephant
 12738 | D:8      | Noticed an elephant
 12778 | D:8      | Slain by an elephant

Action                   |  1- 3 |  4- 6 |  7- 9 | 10-12 || total
-------------------------+-------+-------+-------+-------++-------
Melee: Unarmed           |    20 |       |     7 |       ||    27
       Dagger            |    41 |    47 |    17 |    39 ||   144
       Spear             |       |       |   157 |     3 ||   160
 Cast: Flame Tongue      |    45 |   104 |   226 |    36 ||   411
       Throw Flame       |       |    22 |    99 |    15 ||   136
       Conjure Flame     |       |     3 |     7 |     4 ||    14
       Sticky Flame      |       |       |     5 |     5 ||    10
       Fireball          |       |       |     2 |     8 ||    10
 Abil: Fly               |       |       |       |     1 ||     1
Evoke: Wand              |       |       |    20 |     2 ||    22
  Use: Potion            |     7 |     1 |     4 |     1 ||    13
       Scroll            |       |     3 |     8 |     3 ||    14
 Stab: Sleeping          |     3 |     2 |     1 |       ||     6
